 Dungeon Crawl Stone Soup version 0.25-a0-631-gc915619 (webtiles) character file.

Game seed: 11983205858240501316, levelgen mode: deterministic

644 Faca the Skirmisher (level 7, -4/88 HPs)
             Began as a Human Fighter on Mar 18, 2020.
             Splashed by Ijyb's acid (16 damage)
             ... on level 4 of the Dungeon.
             The game lasted 00:07:23 (3650 turns).

Faca the Skirmisher (Human Fighter)                 Turns: 3650, Time: 00:07:23

Health: -4/88      AC: 19    Str: 19    XL:     7   Next: 81%
Magic:  7/7        EV:  2    Int:  8    God:
Gold:   61         SH:  9    Dex: 12    Spells: 6/6 levels left

rFire    . . .     SeeInvis .   a - +0 long sword
rCold    . . .     Gourm    .   c - +0 kite shield
rNeg     + + +     Faith    .   (armour currently unavailable)
rPois    +         Spirit   .   (helmet currently unavailable)
rElec    .         Reflect  .   (cloak currently unavailable)
rCorr    .         Harm     .   (gloves currently unavailable)
MR       .....     NoTele   +   (boots currently unavailable)
Stlth    ..........             (no amulet)
HPRegen  0.24/turn              o - ring of attention (curse)
MPRegen  0.10/turn              b - ring of poison resistance

@: tree-form, corroded
A: no striking features
a: no special abilities


You were on level 4 of the Dungeon.
You were not hungry.
You were a tree.
You visited 1 branch of the dungeon, and saw 4 of its levels.

You collected 61 gold pieces.

Inventory:

Hand Weapons
 a - a +0 long sword (weapon)
 e - a +1 dagger of venom
Missiles
 i - 7 javelins (quivered)
Armour
 c - a +0 kite shield (worn)
 k - a +0 pair of gloves (melded)
 m - a +0 chain mail (melded)
 r - a +0 helmet (melded)
Jewellery
 b - a ring of poison resistance (right branch)
 o - a cursed ring of attention (left branch)
Wands
 q - a wand of paralysis (2)
Scrolls
 h - 2 scrolls of blinking
 s - a scroll of fog {unknown}
Potions
 d - a potion of might
 j - a potion of stabbing {unknown}
 l - a potion of mutation
 n - 3 potions of lignification
 p - a potion of heal wounds {unknown}
Comestibles
 f - 7 rations


   Skills:
 + Level 6.3 Fighting
 + Level 5.9 Long Blades
 - Level 3.0 Armour
 - Level 3.0 Shields


You had 6 spell levels left.
You didn't know any spells.
Your spell library was empty.

Dungeon Overview and Level Annotations

Branches:
Dungeon (4/15)
 Temple: D:4-7

Altars:
Ashenzari
Elyvilon
Qazlal
Ru
Sif Muna

Shops:
D:4 (

Annotations:
D:4 Ijyb


Message History

Ijyb zaps a wand.
The bolt of acid hits you!
You are splashed with acid!
* * * LOW HITPOINT WARNING * * *
It was a potion of lignification.
You turn into a tree.
Your +0 helmet melds into your body.
Your +0 pair of gloves melds into your body.
Your +0 chain mail melds into your body.
Your roots penetrate the ground.
Ijyb hits you but does no damage.
You slash Ijyb!
Ijyb is moderately wounded.
Ijyb hits you but does no damage.
You hit Ijyb.
Ijyb is heavily wounded.
Ijyb hits you but does no damage.
An orc comes into view. It is wielding a +2 dagger of speed.
You hit Ijyb.
Ijyb is severely wounded.
Ijyb zaps a wand.
The bolt of acid hits you!
* * * LOW HITPOINT WARNING * * *
The acid corrodes you!
You are splashed with acid!
You die...

..o #.# #.# ... .[.
#.# ... #Z# . #.
#g# ..#. ##♣# .....
#..# ..#. #.## ....
#.# .... #.# ##.
#.######### #.
#.##......# #.
#.......#.#########
####.#.##.##.......


You could see Ijyb, an orc and a quokka skeleton.

Vanquished Creatures
  Edmund (D:4)
  Duvessa (D:4)
  Purgy (D:4)
  Dowan (D:4)
  A hound (D:4)
  2 orc wizards (D:4)
  Jessica (D:2)
  Robin (D:3)
  6 adders
  2 oozes (D:1)
  A worm (D:3)
  A dart slug (D:2)
  A leopard gecko (D:1)
  10 orcs
  7 giant cockroaches
  7 goblins (D:3)
  5 hobgoblins
  2 kobolds
  4 bats
  2 frilled lizards (D:1)
  9 rats
66 creatures vanquished.

Notes
Turn   | Place    | Note
-------+----------+-------------------------------------------
     0 | D:1      | Faca the Human Fighter began the quest for the Orb.
     0 | D:1      | Reached XP level 1. HP: 18/18 MP: 1/1
   150 | D:1      | Reached XP level 2. HP: 18/24 MP: 2/2
   518 | D:1      | Reached XP level 3. HP: 27/29 MP: 3/3
   647 | D:2      | Found a stormy altar of Qazlal.
  1035 | D:2      | Noticed Jessica
  1039 | D:2      | Reached XP level 4. HP: 25/37 MP: 4/4
  1055 | D:2      | Killed Jessica
  1055 | D:2      | Reached skill level 4 in Fighting
  1544 | D:2      | Found a shattered altar of Ashenzari.
  1780 | D:3      | Reached XP level 5. HP: 42/42 MP: 5/5
  2299 | D:3      | Found a white marble altar of Elyvilon.
  2299 | D:3      | Found a shimmering blue altar of Sif Muna.
  2548 | D:3      | Noticed Robin
  2557 | D:3      | Killed Robin
  2573 | D:3      | Found a sacrificial altar of Ru.
  2601 | D:4      | Noticed Edmund
  2789 | D:4      | Reached XP level 6. HP: 38/50 MP: 6/6
  2808 | D:4      | Noticed Purgy
  2831 | D:4      | Killed Purgy
  2831 | D:4      | Reached skill level 5 in Fighting
  3029 | D:4      | Found Qaakuer's Weapon Shop.
  3072 | D:4      | Noticed Duvessa
  3072 | D:4      | Noticed a phantom
  3127 | D:4      | Killed Duvessa
  3127 | D:4      | Reached skill level 5 in Long Blades
  3127 | D:4      | Reached XP level 7. HP: 45/57 MP: 7/7
  3152 | D:4      | Noticed Dowan
  3167 | D:4      | Killed Dowan
  3239 | D:4      | Reached skill level 6 in Fighting
  3272 | D:4      | Killed Edmund
  3643 | D:4      | Noticed Ijyb
  3650 | D:4      | Splashed by Ijyb's acid

Levels and vault maps discovered:
D:1:      ncdulo_wetmaze, layout_loops_cross
D:2:      layout_loops_ring, ashenzari_conservatory_becter, grunt_qazlal_clouds,
          minivault_26, uniq_jessica
D:3:      layout_loops_ring, minitemple, nicolae_ru_path_of_blood, uniq_robin
D:4:      layout_loops_cross, first_ration, serial_shops, shop, uniq_edmund,
          uniq_duvessa, uniq_ijyb, uniq_purgy, uniq_crazy_yiuf_cottage

Skill      XL: |  1  2  3  4  5  6  7 |
---------------+----------------------+-----
Long Blades    | 3 4 5 |  5.9
Fighting       | 4 5 6 |  6.3
Armour         | |  3.0
Shields        | |  3.0

Action                   |  1- 3 |  4- 6 |  7- 9 || total
-------------------------+-------+-------+-------++-------
Melee: Long sword        |    84 |   150 |    75 ||   309
  Use: Scroll            |     1 |     4 |     1 ||     6
       Potion            |       |       |     1 ||     1
  Eat: Chunk             |       |     6 |     3 ||     9
Armor: Scale mail        |    40 |    29 |       ||    69
       Chain mail        |       |    80 |    44 ||   124
       Skin              |       |       |     3 ||     3
Dodge: Dodged            |    21 |    39 |    16 ||    76
Block: Kite shield       |    44 |    87 |    21 ||   152
       Rpst.: Long sword |     6 |    12 |     7 ||    25

Table legend:
 A = Non-vault XP
 B = Vault XP
 C = Vault XP percentage of total XP
 D = Non-vault monster count
 E = Vault monster count
 F = Vault count percentage of total count
                 A         B        C        D         E       F
            +---------+---------+-------+---------+---------+-------
      Total |     301 |     619 |  67.3 |      54 |      12 |  18.2
            +---------+---------+-------+---------+---------+-------
        D:1 |      37 |       0 |   0.0 |      17 |       0 |   0.0
        D:2 |      56 |      37 |  39.8 |      12 |       1 |   7.7
        D:3 |      44 |      28 |  38.9 |      17 |       7 |  29.2
        D:4 |     164 |     554 |  77.2 |       8 |       4 |  33.3
            +---------+---------+-------+---------+---------+-------
